[Event "Late-Titled-Tuesday-Blitz-September-19-2023"]
[Site "Chess.com"]
[Date "2023.09.19"]
[Round "4"]
[White "Journey_to_GrandMaster_YT"]
[Black "DTChess"]
[Result "0-1"]
[WhiteElo "2665"]
[BlackElo "2527"]
[TimeControl "180+1"]
[EndTime "14:36:16 PDT"]
[Termination "DTChess won by checkmate"]

1. d4 Nf6 2. Nf3 e6 3. c4 d5 4. Nc3 Be7 5. Bg5 O-O 6. e3 c6 7. Qc2 Nbd7 8. Rd1 a6 9. cxd5 exd5 10. Bd3 Re8 11. O-O Nf8 12. h3 g6 13. Ne5 Ne6 14. Bh4 Ng7 15. f4 Nf5 16. Bf2 Nd6 17.
Kh2 Bf5 18. Bxf5 Nxf5 19. Qb3 Nd6 20. g4 Rb8 21. Bh4 Nfe4 22. Bxe7 Qxe7 23. Ne2 f6 24. Nd3 Nc4 25. Rf3 Ncd2 26. Qc2 Nxf3+ 27. Kg2 Nh4+ 28. Kh2 Nd6 29. Ng3 Qxe3 30. f5 Ne4 31. Nf1 Nf3+ 32.
Kg2 Qg1+ 33. Kxf3 Ng5+ 34. Kf4 Re4# 0-1

[Event "Late-Titled-Tuesday-Blitz-September-19-2023"]
[Site "Chess.com"]
[Date "2023.09.19"]
[Round "4"]
[White "Fy_Rakotomaharo"]
[Black "zverr1"]
[Result "0-1"]
[WhiteElo "2705"]
[BlackElo "2515"]
[TimeControl "180+1"]
[EndTime "14:36:17 PDT"]
[Termination "zverr1 won by resignation"]

1. d4 Nf6 2. Nf3 g6 3. Bg5 Bg7 4.
Nbd2 O-O 5. e4 d5 6. exd5 Nxd5 7. c3 h6 8. Bh4 Bf5 9. Bc4 Nb6 10. Bb3 Bd3 11.
a4 a5 12. Bc2 Ba6 13. Ne4 N8d7 14. Bd3 Bxd3 15. Qxd3 f5 16. Ned2 g5 17. Bxg5 hxg5 18. Nxg5 e5 19. Ne6 Qe7 20. Nxf8 exd4+ 21. Kf1 Rxf8 22.
cxd4 Qb4 23. Qb3+ Qxb3 24. Nxb3 Nc4 25. Rc1 Ndb6 26. Nc5 Bxd4 27. Ne6 Bxb2 28. Rxc4 Nxc4 29. Nxf8 Kxf8 30. Ke2 Nb6 31. Rd1 Ke7 32. h4 Nxa4 33.
Kd3 Bf6 34. Rh1 b5 35. h5 c5 36. h6 c4+ 37. Ke3 b4 38. h7 Bh8 39. Rh6 b3 40. Kd2 c3+ 41. Kd3 c2 42. Rc6 Nc3 43. Kd2 Na2 0-1

[Event "Late-Titled-Tuesday-Blitz-September-19-2023"]
[Site "Chess.com"]
[Date "2023.09.19"]
[Round "4"]
[White "Bala-Afiada"]
[Black "IMSlavin"]
[Result "0-1"]
[WhiteElo "1957"]
[BlackElo "2287"]
[TimeControl "180+1"]
[EndTime "14:36:21 PDT"]
[Termination "IMSlavin won by resignation"]

1. d4 Nc6 2. c4 e5 3. e3 Nf6 4.
dxe5 Nxe5 5. Nc3 Bc5 6. b3 d6 7.
Bb2 a6 8. Nf3 Ng6 9. Be2 O-O 10.
Nd5 Nxd5 11. Qxd5 Bb4+ 12. Nd2 c6 13. Qd4 Ne5 14. O-O c5 15. Qf4 Bxd2 16. Rad1 Ng6 17. Qg3 Ba5 18. Rxd6 Qe7 19. Rd5 Bc7 20. Qf3 Be6 21.
Rh5 Rad8 22. Rxh7 Kxh7 23. Qh5+ Kg8 24. f4 Qh4 25. Qxh4 Nxh4 0-1

[Event "Late-Titled-Tuesday-Blitz-September-19-2023"]
[Site "Chess.com"]
[Date "2023.09.19"]
[Round "4"]
[White "FMOlexandrProhorov"]
[Black "Giorno"]
[Result "0-1"]
[WhiteElo "2261"]
[BlackElo "2463"]
[TimeControl "180+1"]
[EndTime "14:36:23 PDT"]
[Termination "Giorno won by checkmate"]

1. e4 d6 2. d4 Nf6 3. Nc3 g6 4. Be3 Bg7 5. f3 a6 6. a4 b6 7.
Qd2 h5 8. h4 Bb7 9. Nh3 Nbd7 10.
Ng5 c5 11. Bc4 O-O 12. O-O Qc7 13. Qe2 cxd4 14. Bxd4 Ne5 15. Bb3 e6 16. Qf2 Nfd7 17.
Rad1 Nc5 18. Qe3 Bc6 19. a5 Rac8 20. axb6 Qxb6 21. Bxe6 fxe6 22. Nxe6 Rf7 23. b4 Qxb4 24. Rb1 Qc4 25. Nxg7 Rxg7 26. Rfd1 Ne6 27. Bxe5 dxe5 28. Nd5 Bxd5 29. exd5 Nd4 30. d6 Ne2+ 31. Kh1 Qxh4# 0-1

[Event "Late-Titled-Tuesday-Blitz-September-19-2023"]
[Site "Chess.com"]
[Date "2023.09.19"]
[Round "4"]
[White "MergenKakabaev"]
[Black "tteshan"]
[Result "1-0"]
[WhiteElo "2672"]
[BlackElo "2510"]
[TimeControl "180+1"]
[EndTime "14:36:26 PDT"]
[Termination "MergenKakabaev won by resignation"]

1. e4 c5 2. Nf3 Nc6 3. Bb5 e6 4. Bxc6 bxc6 5. O-O d6 6. Nc3 e5 7. d3 g6 8. h3 Bg7 9. Be3 Ne7 10. Qd2 O-O 11. a3 Be6 12. b4 cxb4 13. axb4 Qc7 14. Ra5 Rfb8 15. Ne2 Rb5 16. Rfa1 Rxa5 17. Rxa5 Nc8 18.
Qc3 Nb6 19. Qa3 h6 20. Ra6 Nc8 21. c4 Bf8 22. Nc3 Qd7 23. Qa5 g5 24. b5 c5 25.
Nd5 Bxd5 26. cxd5 Be7 27. Nd2 Bd8 28. Qa4 Rb8 29. Nc4 Bc7 30. Rc6 Ne7 31. Qxa7 Nxc6 32. dxc6 Qd8 33. Qa4 Ra8 34. Qb3 Bb6 35. Bd2 Qc7 36.
Ne3 Qa7 37. Nd5 Bd8 38. b6 Qa1+ 39. Kh2 Qa6 40. c7 Kg7 41. b7 1-0

[Event "Late-Titled-Tuesday-Blitz-September-19-2023"]
[Site "Chess.com"]
[Date "2023.09.19"]
[Round "4"]
[White "Djager97"]
[Black "Lennis93"]
[Result "0-1"]
[WhiteElo "2533"]
[BlackElo "2736"]
[TimeControl "180+1"]
[EndTime "14:36:29 PDT"]
[Termination "Lennis93 won by resignation"]

1. e4 c6 2. d4 d5 3. exd5 cxd5 4. Bd3 Nc6 5. c3 Nf6 6. h3 g6 7. Nf3 Bf5 8. Be2 Bg7 9. Bf4 Qb6 10. Qc1 h6 11.
O-O g5 12. Bg3 g4 13. Nh4 Bxb1 14. Rxb1 gxh3 15. Nf5 Bf8 16. Bf3 hxg2 17. Bxg2 e6 18. Re1 Rg8 19. c4 Nxd4 20. Nxd4 Qxd4 21. Re3 Bc5 22.
b4 Rxg3 23. bxc5 Rxe3 24. fxe3 Qxc5 25. Rxb7 Rc8 26. Qc3 d4 27. exd4 Qxc4 28. Qg3 Qc1+ 29. Kh2 Qg5 30. Rxa7 Ng4+ 31. Kh3 Qh5+ 32. Qh4 Rc3+ 0-1

[Event "Late-Titled-Tuesday-Blitz-September-19-2023"]
[Site "Chess.com"]
[Date "2023.09.19"]
[Round "4"]
[White "MelihKaanCan"]
[Black "Mikasinski"]
[Result "0-1"]
[WhiteElo "2399"]
[BlackElo "2615"]
[TimeControl "180+1"]
[EndTime "14:36:29 PDT"]
[Termination "Mikasinski won on time"]

1. e4 c5 2. Nc3 Nc6 3. Bb5 Nd4 4. Nf3 a6 5. Bd3 Nc6 6. O-O g6 7. Rb1 Bg7 8. Re1 d6 9. h3 Nf6 10. Nd5 O-O 11. c3 Be6 12. Nf4 Bxa2 13. Ra1 Be6 14. Nxe6 fxe6 15. Bc4 d5 16. Ba2 Nxe4 17. Rxe4 dxe4 18.
Bxe6+ Kh8 19. Ng5 Ne5 20. Ra4 Qd6 21. Rxe4 h6 22. d4 hxg5 23. d5 Nf7 24. Qg4 Bh6 25. h4 Ne5 26. Qe2 Nf7 27. hxg5 Nxg5 28. Rh4 Kg7 29. Qg4 Nf3+ 30. gxf3 Bxc1 31. Qh3 Rh8 32. Kg2 Rxh4 33. Qxh4 Rh8 34. Qg5 Bxg5 0-1

[Event "Late-Titled-Tuesday-Blitz-September-19-2023"]
[Site "Chess.com"]
[Date "2023.09.19"]
[Round "4"]
[White "protectiago"]
[Black "AEMEffi"]
[Result "0-1"]
[WhiteElo "2085"]
[BlackElo "2326"]
[TimeControl "180+1"]
[EndTime "14:36:30 PDT"]
[Termination "AEMEffi won on time"]

1. d4 d5 2. c4 c6 3. g3 Nf6 4.
Qc2 dxc4 5. Qxc4 g6 6. Bg2 Bg7 7. Nc3 O-O 8. e4 b5 9. Qd3 b4 10. Nce2 a5 11. Bf4 a4 12. Bxb8 Rxb8 13. Nf3 b3 14. a3 c5 15. O-O c4 16. Qe3 Nd7 17. Rfd1 Qa5 18. Rac1 Ba6 19. Nc3 Rbd8 20. h4 e5 21. Nd5 exd4 22. Nxd4 Ne5 23. Ne7+ Kh8 24. Ndc6 Rxd1+ 25. Rxd1 Qc7 26. Nxe5 Qxe5 27. Nd5 Qxb2 28. Qb6 c3 29. Qxa6 c2 0-1

[Event "Late-Titled-Tuesday-Blitz-September-19-2023"]
[Site "Chess.com"]
[Date "2023.09.19"]
[Round "4"]
[White "expii"]
[Black "HajiyevKanan"]
[Result "0-1"]
[WhiteElo "2270"]
[BlackElo "2481"]
[TimeControl "180+1"]
[EndTime "14:36:32 PDT"]
[Termination "HajiyevKanan won by checkmate"]

1. e4 c6 2. d4 d5 3. f3 a6 4.
Nc3 b5 5. a3 Nf6 6. e5 Ng8 7.
f4 Bf5 8. Nf3 e6 9. Bd3 Nh6 10.
O-O c5 11. Be3 c4 12. Bxf5 Nxf5 13. Bf2 h5 14. h3 Be7 15. Ne2 Nc6 16. c3 a5 17. Ng3 g6 18. Nxf5 gxf5 19. Be3 h4 20. Ng5 Bxg5 21. fxg5 Ne7 22. Qf3 Ng6 23. Bf4 Kf8 24.
a4 b4 25. Bd2 Qb6 26. Rab1 Nxe5 27. Qf2 Nd3 28. Qe3 Kg7 29. b3 Kg6 30. bxc4 dxc4 31.
cxb4 axb4 32. Bxb4 Nxb4 33. Qe5 Qd8 34. Rxb4 Qxg5 35. Rxc4 Rhg8 36. Rc2 Kh7 37. Rcf2 Rxa4 38. d5 Ra5 39. Qc7 Rxd5 40. Qxf7+ Rg7 41. Qxe6 Rd2 42.
Qxf5+ Qxf5 43. Rxf5 Rgxg2+ 44. Kh1 Rh2+ 45. Kg1 Rdg2# 0-1

[Event "Late-Titled-Tuesday-Blitz-September-19-2023"]
[Site "Chess.com"]
[Date "2023.09.19"]
[Round "4"]
[White "Levanzovsky"]
[Black "CraiggoryC"]
[Result "1-0"]
[WhiteElo "2471"]
[BlackElo "2236"]
[TimeControl "180+1"]
[EndTime "14:36:34 PDT"]
[Termination "Levanzovsky won by checkmate"]

1. e4 e6 2. d4 d5 3. e5 c5 4. c3 Qb6 5. Nf3 Nc6 6. a3 Nh6 7. b4 cxd4 8. cxd4 Nf5 9. Bb2 Bd7 10. g4 Nh6 11. Rg1 Be7 12. Nc3 Rc8 13. Na4 Qd8 14. Nc5 b6 15. Nxd7 Qxd7 16. Bd3 f6 17. g5 fxg5 18.
Nxg5 Bxg5 19. Rxg5 O-O 20. Qh5 Qf7 21. Qxh6 Qxf2+ 22. Kd1 Qf3+ 23. Be2 Qb3+ 24. Ke1 Rf7 25. Rxg7+ Rxg7 26.
Qxe6+ Kh8 27. Qxc8+ Rg8 28. Qxc6 Qxb2 29. Rc1 Rg1+ 30.
Bf1 Qxd4 31. Qf6+ Kg8 32. Rc8# 1-0

[Event "Late-Titled-Tuesday-Blitz-September-19-2023"]
[Site "Chess.com"]
[Date "2023.09.19"]
[Round "4"]
[White "scandalgod"]
[Black "Dewarfd"]
[Result "1-0"]
[WhiteElo "2457"]
[BlackElo "2206"]
[TimeControl "180+1"]
[EndTime "14:36:34 PDT"]
[Termination "scandalgod won by resignation"]

1. d4 d5 2. c4 e6 3. Nf3 c5 4. cxd5 exd5 5. g3 Nc6 6. Bg2 Nf6 7.
O-O c4 8. Nc3 Bd6 9. Bg5 Be6 10.
e4 dxe4 11. Nd2 Be7 12. Ndxe4 Nxd4 13. Nxf6+ Bxf6 14. Bxb7 Rb8 15. Bxf6 Qxf6 16. Qa4+ Bd7 17. Rfe1+ Ne6 18. Bc6 Qe7 19. Rad1 Rd8 20. Nd5 Bxc6 21. Qxc6+ Qd7 22. Nc7+ Ke7 23. Rxd7+ Rxd7 24. Nxe6 fxe6 25. Rxe6+ Kd8 26. Qa8+ Kc7 27. Qxh8 1-0

[Event "Late-Titled-Tuesday-Blitz-September-19-2023"]
[Site "Chess.com"]
[Date "2023.09.19"]
[Round "4"]
[White "nitpicker"]
[Black "zsoltkorpics"]
[Result "0-1"]
[WhiteElo "2231"]
[BlackElo "2356"]
[TimeControl "180+1"]
[EndTime "14:36:34 PDT"]
[Termination "zsoltkorpics won on time"]

1. d4 Nf6 2. c4 e6 3. g3 d5 4. Nf3 Bb4+ 5. Bd2 Be7 6. Bg2 O-O 7. Qc2 c6 8. O-O b6 9. Rd1 Nbd7 10.
Bf4 Ba6 11. Nbd2 Rc8 12. a4 c5 13. b3 cxd4 14. Nxd4 e5 15. Nb5 exf4 16. gxf4 Bxb5 17.
axb5 Qc7 18. e3 Nc5 19. cxd5 Qd7 20. e4 Qg4 21. Nc4 Qxf4 22. Rxa7 Bd6 23. Nxb6 Qxh2+ 24. Kf1 Rb8 25. b4 Ncxe4 26. Qc6 Qf4 27. Ra2 Bxb4 28.
Nc4 Bc5 29. f3 Ng3+ 30. Ke1 Rfe8+ 0-1

[Event "Late-Titled-Tuesday-Blitz-September-19-2023"]
[Site "Chess.com"]
[Date "2023.09.19"]
[Round "4"]
[White "picturesquecheck"]
[Black "Road2GM3000"]
[Result "1-0"]
[WhiteElo "2365"]
[BlackElo "2489"]
[TimeControl "180+1"]
[EndTime "14:36:35 PDT"]
[Termination "picturesquecheck won by resignation"]

1. e4 c5 2. c3 d5 3. exd5 Qxd5 4. d4 Nf6 5. Nf3 Bg4 6. Be2 e6 7. O-O Nc6 8. Na3 Be7 9. Nb5 Rc8 10. h3 Bh5 11. Bf4 O-O 12. Qb3 Qxb3 13. axb3 a6 14. Nd6 Ra8 15. dxc5 Nd5 16. Bh2 Ra7 17. b4 f6 18. Rfe1 e5 19. Bc4 Bxf3 20. gxf3 Rd8 21.
Bxd5+ Kf8 22. Bxc6 bxc6 23. f4 Bxd6 24. cxd6 Rxd6 25.
fxe5 Rd2 26. exf6 Rxb2 27. Bd6+ Kf7 28. fxg7 Kxg7 29. Be5+ Kf7 30. Bd4 Ra8 31. Re4 Rg8+ 32.
Rg4 Ra8 33. Rg7+ Ke6 34. Rxh7 Kf5 35. Kg2 Ke4 36. Rh4+ Kd3 37. Rh6 Rg8+ 38. Kf3 Re8 39. Rxc6 Rf8+ 40. Rf6 Rh8 41. Rh1 Kc4 42. Rxa6 Rg8 43.
Rc6+ Kd5 44. Rc5+ Kd6 45. h4 Ra2 46. h5 Raa8 47. h6 Rae8 48. Rf5 Ref8 49. Rxf8 Rxf8+ 50. Ke2 Re8+ 51. Kd3 1-0

[Event "Late-Titled-Tuesday-Blitz-September-19-2023"]
[Site "Chess.com"]
[Date "2023.09.19"]
[Round "4"]
[White "Firouzja2003"]
[Black "ukchessbomber"]
[Result "1-0"]
[WhiteElo "3066"]
[BlackElo "2692"]
[TimeControl "180+1"]
[EndTime "14:36:36 PDT"]
[Termination "Firouzja2003 won by checkmate"]

1. e4 b6 2. d4 Bb7 3. Bd3 e6 4. Nf3 Nf6 5. Qe2 d6 6. O-O Be7 7. Nc3 Nbd7 8. Rd1 O-O 9. e5 Bxf3 10. gxf3 Nd5 11. Qe4 g6 12. Nxd5 exd5 13. Qxd5 dxe5 14.
dxe5 Nc5 15. Bb5 Qc8 16. Bh6 Rd8 17. Qc6 Qf5 18. Qxc7 Bg5 19. Rxd8+ Rxd8 20. Bc4 Ne6 21. Bxe6 fxe6 22. Qg7# 1-0

[Event "Late-Titled-Tuesday-Blitz-September-19-2023"]
[Site "Chess.com"]
[Date "2023.09.19"]
[Round "4"]
[White "IngOscarArdila"]
[Black "MalyDominator"]
[Result "0-1"]
[WhiteElo "2298"]
[BlackElo "2446"]
[TimeControl "180+1"]
[EndTime "14:36:37 PDT"]
[Termination "MalyDominator won on time"]

1. d4 d5 2. c4 e6 3. Nc3 dxc4 4. Qa4+ Bd7 5. Qxc4 Nf6 6. Nf3 Be7 7. e4 O-O 8. Bd3 Na6 9. O-O c5 10. e5 Nd5 11.
Nxd5 exd5 12. Qc2 Nb4 13. Bxh7+ Kh8 14. Qb1 Bg4 15. Ne1 Be2 16. a3 Nc6 17. Bd3 Bxf1 18. Bxf1 Nxd4 19. Qd3 Bg5 20. Qh3+ Kg8 21. Bd3 g6 22. f4 Be7 23. Qg4 Qc8 24. Qg3 Nf5 25. Qf3 c4 26. Bb1 Bc5+ 27. Kh1 d4 28.
Be4 d3 29. g4 Nd4 30. Qg2 Qd8 31. Bd2 Qh4 32. Bc3 Ne2 33. Nf3 Qf2 34. Qxf2 Bxf2 35.
Rf1 Nxc3 36. bxc3 Be3 0-1

[Event "Late-Titled-Tuesday-Blitz-September-19-2023"]
[Site "Chess.com"]
[Date "2023.09.19"]
[Round "4"]
[White "jamengrand"]
[Black "elpatodice"]
[Result "0-1"]
[WhiteElo "2243"]
[BlackElo "2368"]
[TimeControl "180+1"]
[EndTime "14:36:39 PDT"]
[Termination "elpatodice won by resignation"]

1. e4 c5 2. Nf3 g6 3. d4 cxd4 4. c3 Bg7 5. cxd4 d5 6. e5 Nh6 7. Bb5+ Nc6 8. Bxc6+ bxc6 9. O-O O-O 10. Bxh6 Bxh6 11.
Nc3 f6 12. h3 Rb8 13. b3 Qa5 14. Na4 Bf5 15. Re1 Be4 16. Nc5 Bxf3 17. Qxf3 fxe5 18. Qg4 Qd2 19. Re2 Qxd4 20. Qe6+ Rf7 21. Qxe5 Qxe5 22. Rxe5 Bg7 23. Rae1 Bxe5 24. Rxe5 Rd8 25. Kf1 d4 26. Ke2 Rd5 27. Rxd5 cxd5 28. Ne6 Rf6 29. Nxd4 Ra6 30. a4 Rb6 31. a5 Rb4 32. Nc6 Rxb3 33. Nxe7+ Kf7 34. Nxd5 Rb5 35. Nf4 Rxa5 36. g4 Rc5 37. Kd3 a5 38. Kd4 Rc2 39. f3 a4 40. Kd3 Rc8 41.
Nd5 a3 42. Nb4 Kf6 43. f4 h5 44. Nd5+ Ke6 45. Nb4 hxg4 46. hxg4 Rc7 47. Kd4 Ra7 48. Na2 Ra4+ 49. Ke3 Kd6 50. f5 g5 51. Kf3 Rf4+ 52.
Ke3 Rxg4 53. Nc3 Rg3+ 54. Kd2 Rxc3 55. Kxc3 g4 56. f6 Ke6 0-1

[Event "Late-Titled-Tuesday-Blitz-September-19-2023"]
[Site "Chess.com"]
[Date "2023.09.19"]
[Round "4"]
[White "maurovargas01"]
[Black "valemava"]
[Result "0-1"]
[WhiteElo "1869"]
[BlackElo "2284"]
[TimeControl "180+1"]
[EndTime "14:36:39 PDT"]
[Termination "valemava won on time"]

1. e4 c5 2. Nc3 Qa5 3. f4 a6 4. d3 b5 5. Bd2 Bb7 6. Nd5 Qd8 7. Ne3 e6 8. Nf3 d5 9. e5 g6 10. g4 d4 11. Ng2 h5 12. g5 Ne7 13.
Ngh4 Nf5 14. Nxf5 exf5 15. h4 Nc6 16. Bg2 Qc7 17. O-O Nd8 18. Qe1 Ne6 19. Rc1 Bc6 20. a3 Qb7 21. Qg3 a5 22. Qe1 a4 23. Qg3 Be7 24.
c3 dxc3 25. bxc3 O-O 26. Rb1 Rfd8 27. Ne1 Bxg2 28. Qxg2 Qxg2+ 29. Kxg2 Rab8 30. Kf3 c4 31. d4 Bxa3 32. Nc2 Be7 33. Ne3 Nc7 34. Rfd1 a3 35.
Ra1 Ra8 36. Ra2 Nd5 37. Rda1 Nxc3 38. Bxc3 b4 39. Be1 b3 40. Rxa3 Bxa3 41. Nxc4 b2 42.
Rb1 Rxd4 43. Nxb2 Rb8 44. Bc3 Re4 45. Kf2 Bc5+ 46. Kf3 Re3+ 47. Kg2 Rxc3 0-1

[Event "Late-Titled-Tuesday-Blitz-September-19-2023"]
[Site "Chess.com"]
[Date "2023.09.19"]
[Round "4"]
[White "MikaelyanArman"]
[Black "Baronessa08"]
[Result "1-0"]
[WhiteElo "2870"]
[BlackElo "2553"]
[TimeControl "180+1"]
[EndTime "14:36:41 PDT"]
[Termination "MikaelyanArman won by resignation"]

1. e4 e5 2. Nf3 Nc6 3. Nc3 Nf6 4. h3 Bb4 5. Nd5 Nxd5 6. exd5 e4 7. dxc6 exf3 8. Qxf3 dxc6 9. Bc4 Qe7+ 10. Qe3 O-O 11. O-O Bf5 12. d3 Rfe8 13. Qxe7 Bxe7 14. a4 a5 15. g4 Bd7 16. Be3 Bd6 17. Rfe1 h5 18. f3 hxg4 19. fxg4 Be6 20. Bxe6 Rxe6 21. Bd2 Rxe1+ 22. Rxe1 b5 23. Re4 f6 24. Kf2 Kf7 25. Kf3 b4 26. Rc4 Rh8 27. Kg2 Re8 28.
Re4 Rxe4 29. dxe4 Ke6 30. Kf3 Bc5 31. Bf4 Bd4 32. Bxc7 Bxb2 33. Bxa5 c5 34. Ke2 Bc3 35. Kd3 Ke5 36. Bc7+ Ke6 37. Kc4 Kd7 38. Bb6 1-0

[Event "Late-Titled-Tuesday-Blitz-September-19-2023"]
[Site "Chess.com"]
[Date "2023.09.19"]
[Round "4"]
[White "WelshTiger"]
[Black "TatjanaVasilevich"]
[Result "0-1"]
[WhiteElo "2388"]
[BlackElo "2567"]
[TimeControl "180+1"]
[EndTime "14:36:41 PDT"]
[Termination "TatjanaVasilevich won by resignation"]

1. e4 c5 2. Nf3 e6 3. d4 cxd4 4.
Nxd4 a6 5. Bd3 Nc6 6. Nxc6 bxc6 7. O-O d5 8. c4 Nf6 9. cxd5 cxd5 10. Nc3 d4 11. e5 dxc3 12. exf6 Qxf6 13. bxc3 Bd7 14. Be3 Bd6 15. Be4 Bxh2+ 16. Kxh2 Qe5+ 17. Kg1 Qxe4 18. Qd6 Qc6 19. Qa3 Qa4 20. Qd6 Qc6 21. Qa3 h5 22. Rfd1 h4 23. Rd6 Qb7 24. Rad1 h3 25. f3 h2+ 26.
Kh1 Bc6 27. Qc5 Bxf3 28. R1d2 Bd5 29. R6xd5 exd5 30. Re2 Qb5 31. Re1 Qxc5 32. Bxc5+ Kd7 33. Re7+ Kc6 34. Bd4 Rab8 0-1

[Event "Late-Titled-Tuesday-Blitz-September-19-2023"]
[Site "Chess.com"]
[Date "2023.09.19"]
[Round "4"]
[White "Botvinnak"]
[Black "PawnEatingZombie"]
[Result "1/2-1/2"]
[WhiteElo "2328"]
[BlackElo "2197"]
[TimeControl "180+1"]
[EndTime "14:36:43 PDT"]
[Termination "Game drawn - insufficient material"]

1. b3 c5 2. Bb2 Nc6 3. Nf3 d6 4. e3 e5 5. Bb5 Ne7 6. O-O g6 7. d4 exd4 8. exd4 Bg7 9. Na3 O-O 10. Rb1 a6 11. Be2 Bf5 12. Nc4 b5 13. Ne3 Be4 14.
Ng5 cxd4 15. Nxe4 dxe3 16. Bxg7 Kxg7 17. Qxd6 Qxd6 18. Nxd6 exf2+ 19. Rxf2 Nd4 20. Bd3 Rad8 21. Nb7 Rd7 22. Nc5 Rd6 23. Re1 Nd5 24. Re4 Nb4 25. Re7 Nxd3 26. cxd3 a5 27. Nd7 Nf5 28. Nxf8 Nxe7 29.
Nxh7 Rxd3 30. Ng5 f6 31. Ne6+ Kf7 32. Ng5+ Kg7 33. Ne4 Rd1+ 34. Rf1 Rxf1+ 35. Kxf1 Nd5 36. Ke2 f5 37. Nd6 Nc3+ 38. Kd3 Nxa2 39. Nxb5 Nc1+ 40. Kc2 Ne2 41. Nc3 Nf4 42. g3 Ne6 43. Kd3 Kf6 44. Kc4 g5 45. Nd5+ Ke5 46. Ne7 f4 47. gxf4+ gxf4 48. Nc6+ Ke4 49. Kc3 f3 50. Kd2 Nd4 51. Nxa5 Nxb3+ 52. Nxb3 Kf4 53. Ke1 Kg4 54. Kf2 Kh3 55.
Nd4 Kxh2 56. Nf5 Kh3 57. Ne3 Kh4 58. Nc4 Kg5 59. Ne5 Kf4 60. Nxf3 1/2-1/2

[Event "Late-Titled-Tuesday-Blitz-September-19-2023"]
[Site "Chess.com"]
[Date "2023.09.19"]
[Round "4"]
[White "reevecanada"]
[Black "vladislavkovalev"]
[Result "0-1"]
[WhiteElo "2519"]
[BlackElo "2888"]
[TimeControl "180+1"]
[EndTime "14:36:45 PDT"]
[Termination "vladislavkovalev won by resignation"]

1. e4 e5 2. Nf3 Nc6 3. d4 exd4 4. Nxd4 Qf6 5. Nb5 Bc5 6. Qe2 Bb6 7. N1c3 Nge7 8.
Nd5 Nxd5 9. exd5+ Kd8 10. dxc6 Re8 11. Be3 Qxb2 12. Rd1 bxc6 13. Qd2 cxb5 14. Be2 Bxe3 15. fxe3 Qe5 16. Rf1 f6 17. Rf3 d6 18. Rg3 Re7 19.
Kf2 a5 20. Kg1 Bb7 21. Kh1 b4 22. Rb1 c5 23. c3 Kc7 24. a3 Qxc3 25. Qd1 Qxa3 26. e4 Qa2 27. Rgb3 a4 28. R3b2 Qe6 29. Rc1 Qxe4 30. Bf3 Qe5 31. Rxb4 Bxf3 32. gxf3 Qe1+ 33. Qxe1 Rxe1+ 34. Rxe1 cxb4 0-1

[Event "Late-Titled-Tuesday-Blitz-September-19-2023"]
[Site "Chess.com"]
[Date "2023.09.19"]
[Round "4"]
[White "Chempiblinka"]
[Black "infinitegiantkiller"]
[Result "1-0"]
[WhiteElo "2284"]
[BlackElo "2450"]
[TimeControl "180+1"]
[EndTime "14:36:47 PDT"]
[Termination "Chempiblinka won on time"]

1. Nf3 Nf6 2. c4 g6 3. g3 Bg7 4. Bg2 O-O 5. O-O c5 6. d4 cxd4 7.
Nxd4 Nc6 8. Nc3 Nxd4 9. Qxd4 d6 10. Qd3 a6 11. b3 Bf5 12. Qe3 Ng4 13. Qd2 b5 14. cxb5 axb5 15. Bxa8 b4 16. Nd5 Bxa1 17.
Bc6 Ne5 18. Ba4 Be4 19. Nxb4 Qc8 20. Nd5 Qh3 21. Nxe7+ Kg7 22. f3 Ng4 23. e3 Bc3 24.
Bb2 Bxb2 25. Qxb2+ f6 26. fxg4 1-0

[Event "Late-Titled-Tuesday-Blitz-September-19-2023"]
[Site "Chess.com"]
[Date "2023.09.19"]
[Round "4"]
[White "AlexOstrovskiy"]
[Black "IvanRadivojevic"]
[Result "1-0"]
[WhiteElo "2652"]
[BlackElo "2488"]
[TimeControl "180+1"]
[EndTime "14:36:48 PDT"]
[Termination "AlexOstrovskiy won by resignation"]

1. d4 Nf6 2. Bg5 d6 3. Bxf6 exf6 4. e3 g6 5. g3 Bg7 6. Bg2 c6 7. Ne2 O-O 8. O-O f5 9. c4 Re8 10. Nbc3 Nd7 11. b4 Qc7 12. b5 Nf6 13. a4 h5 14. Qd3 h4 15. a5 hxg3 16. hxg3 a6 17. bxc6 bxc6 18. Rfb1 Ng4 19. Rb6 Bd7 20. Rab1 Ra7 21.
Bf3 Bh6 22. Nf4 Bxf4 23. exf4 Kg7 24. Na2 Nf6 25. Nb4 c5 26. dxc5 Qxc5 27. Qxd6 Qxa5 28. Qxf6+ Kg8 29. Nd5 Be6 30. Rxe6 fxe6 31. Qxg6+ Kf8 32. Nf6 Qd8 33. Bh5 a5 34. Qg8+ Ke7 35. Qg7+ 1-0

[Event "Late-Titled-Tuesday-Blitz-September-19-2023"]
[Site "Chess.com"]
[Date "2023.09.19"]
[Round "4"]
[White "UGgm_Manuel"]
[Black "dorpato"]
[Result "1-0"]
[WhiteElo "2299"]
[BlackElo "1998"]
[TimeControl "180+1"]
[EndTime "14:36:49 PDT"]
[Termination "UGgm_Manuel won on time"]

1. e4 c5 2. Nf3 d6 3. d3 Nc6 4. g3 Nf6 5. Bg2 e6 6. O-O Be7 7. Re1 O-O 8. Nbd2 d5 9. Nf1 dxe4 10.
Ng5 exd3 11. cxd3 Nd5 12. Ne4 b6 13. a3 Bb7 14. Ne3 Nxe3 15. Bxe3 Rb8 16. Qb3 Nd4 17. Bxd4 Qxd4 18. Rad1 Rfd8 19. h4 Rd7 20. a4 Bd5 21. Qc2 Rc8 22. b3 Qb4 23. Rb1 a6 24. Rec1 b5 25.
axb5 axb5 26. Kh2 h6 27. Bh3 Rdc7 28. f4 Bxe4 29. dxe4 c4 30. bxc4 Qxc4 31. Qd2 Qxe4 32. Bg2 Rxc1 33. Bxe4 Rxb1 34. Bxb1 b4 35. Qd7 Rc1 36.
Qd3 Bf6 37. g4 1-0

[Event "Late-Titled-Tuesday-Blitz-September-19-2023"]
[Site "Chess.com"]
[Date "2023.09.19"]
[Round "4"]
[White "The_Straightforward_Rook"]
[Black "ArtemDyachuk"]
[Result "0-1"]
[WhiteElo "2528"]
[BlackElo "2718"]
[TimeControl "180+1"]
[EndTime "14:36:50 PDT"]
[Termination "ArtemDyachuk won by resignation"]

1. d4 Nf6 2. c4 e6 3. Nf3 c5 4.
d5 d6 5. Nc3 exd5 6. cxd5 g6 7.
Bf4 Bg7 8. Qa4+ Bd7 9. Qb3 O-O 10. Bxd6 Ba4 11. Qxa4 Qxd6 12. e4 Nbd7 13. Be2 a6 14. O-O b5 15. Qc2 Rfe8 16. Nd2 Nb6 17. Bf3 Nfd7 18. g3 Ne5 19. Bg2 c4 20. Rad1 Nd3 21. b3 Nb4 22. Qc1 Nd3 23. Qc2 Nb4 24. Qc1 Rac8 25.
bxc4 Nxc4 26. e5 Qxe5 27. Nce4 Ne3 28. Qb1 Nxf1 29. Nxf1 Nc2 30. d6 Red8 31. d7 Rc7 32.
Rd5 Qe7 33. Rd2 Nd4 34. Qd1 Rcxd7 35. Nc5 Qxc5 0-1

[Event "Late-Titled-Tuesday-Blitz-September-19-2023"]
[Site "Chess.com"]
[Date "2023.09.19"]
[Round "4"]
[White "lluiss"]
[Black "gunslinger222"]
[Result "0-1"]
[WhiteElo "2245"]
[BlackElo "2393"]
[TimeControl "180+1"]
[EndTime "14:36:51 PDT"]
[Termination "gunslinger222 won by resignation"]

1. Nf3 d5 2. d4 Nf6 3. c4 c6 4.
cxd5 cxd5 5. Nc3 a6 6. Bf4 Nc6 7. e3 e6 8. Bd3 Bd6 9. Bxd6 Qxd6 10. O-O O-O 11. Rc1 Bd7 12. Ne2 b5 13. Nf4 b4 14. Qe2 e5 15. Nxe5 Nxe5 16. dxe5 Qxe5 17. Bxa6 Rfe8 18. Rfd1 Qd6 19. Bc4 Rac8 20. Rd4 Qe5 21. b3 dxc4 22. bxc4 Qxd4 23. exd4 Rxe2 24. Nxe2 Kf8 25. f3 Ra8 26. Rc2 Bf5 27. Rb2 Bd3 28. Nf4 Bxc4 29. Rxb4 Bxa2 30. g4 Nd5 31. Nxd5 Bxd5 32.
Kf2 Ra2+ 33. Kg3 Ra3 34. Kf4 f6 0-1

[Event "Late-Titled-Tuesday-Blitz-September-19-2023"]
[Site "Chess.com"]
[Date "2023.09.19"]
[Round "4"]
[White "Korchmar_Vasiliy"]
[Black "Arteler"]
[Result "0-1"]
[WhiteElo "2727"]
[BlackElo "2551"]
[TimeControl "180+1"]
[EndTime "14:36:52 PDT"]
[Termination "Arteler won on time"]

1. e4 e6 2. d4 d5 3. e5 c5 4. c3 Qb6 5. Nf3 Nc6 6. Be2 cxd4 7. cxd4 Nge7 8. Na3 Nf5 9. Nc2 Be7 10. O-O Bd7 11. Bd3 Nh4 12. Nxh4 Bxh4 13. Qg4 Be7 14. Qxg7 O-O-O 15. Qxf7 h5 16. Qf3 Nxd4 17. Nxd4 Qxd4 18. Qe2 Kb8 19. Be3 Qh4 20. Rac1 d4 21. Bd2 Rhg8 22. Be4 Bb5 23. Qxb5 Qxe4 24. f3 Qg6 25. Qe2 Rd5 26.
g3 h4 27. g4 h3 28. Kh1 d3 29.
Qf2 Bg5 30. f4 Bd8 31. g5 Qf5 32. Be3 Bb6 33. Bxb6 axb6 34. Qf3 d2 35. Rcd1 Rgd8 36. Rf2 Rd3 37. Qe2 R8d4 38. Kg1 Re4 39. Qf1 Qg4+ 40. Kh1 Qxd1 41. Qxd1 Re1+ 42. Rf1 Rde3 43. Kg1 Rxd1 0-1